 Dungeon Crawl Stone Soup version 0.27-a0-1158-gaa87e14f67 (webtiles) character file.

Game seed: 788468173190390598

403 pokeman the Magician (level 6, -2/34 HPs)
             Began as a Deep Elf Hedge Wizard on May 15, 2021.
             Splashed by an acid dragon's acid (11 damage)
             ... on level 4 of the Dungeon.
             The game lasted 00:10:51 (4675 turns).

pokeman the Magician (Deep Elf Hedge Wizard)        Turns: 4675, Time: 00:10:51

Health: -2/34      AC:  7    Str:  7    XL:     6   Next: 55%
Magic:  14/18      EV: 12    Int: 21    God:
Gold:   139        SH:  0    Dex: 14    Spells: 8/19 levels left

rFire    . . .     SeeInvis .   a - +0 dagger
rCold    . . .     Faith    .   (no shield)
rNeg     . . .     Spirit   .   r - +0 leather armour
rPois    .         Reflect  .   c - +0 hat
rElec    .         Harm     .   (no cloak)
rCorr    .         Rampage  .   e - +1 pair of gloves
Will     .....                  s - +1 pair of boots {Fly}
Stlth    ++........             (no amulet)
HPRegen  0.11/turn              (no ring)
MPRegen  0.16/turn              (no ring)

@: flying
A: no striking features
a: no special abilities


You were on level 4 of the Dungeon.
You visited 1 branch of the dungeon, and saw 4 of its levels.

You collected 139 gold pieces.

Inventory:

Hand Weapons
 a - a +0 dagger (weapon)
Missiles
 n - 94 arrows
Armour
 c - a +0 hat (worn)
 e - a +1 pair of gloves (worn)
 r - a +0 leather armour (worn)
 s - a +1 pair of boots of flying (worn)
Scrolls
 d - a scroll of silence {unknown}
 f - 2 scrolls of vulnerability {unknown}
 g - 3 scrolls of teleportation {unknown}
 h - 4 scrolls of identify {unknown}
 i - a scroll of immolation {unknown}
 j - a scroll of noise {unknown}
 k - a scroll of enchant weapon {unknown}
 o - a scroll of enchant armour {unknown}
 p - a scroll of magic mapping {unknown}
 q - a scroll of blinking {unknown}
Potions
 b - a potion of degeneration {unknown}
 l - 3 potions of curing {unknown}
 m - a potion of resistance {unknown}
 t - a potion of brilliance {unknown}


   Skills:
 + Level 1.2 Fighting
 - Level 1.0 Armour
 - Level 3.0 Dodging
 - Level 3.0 Stealth
 * Level 7.2 Spellcasting
 + Level 3.3 Conjurations
 - Level 1.1 Summonings
 - Level 1.1 Translocations
 + Level 1.4 Fire Magic
 - Level 1.1 Air Magic
 - Level 1.0 Poison Magic
 - Level 1.0 Evocations


You had 8 spell levels left.
You knew the following spells:

 Your Spells              Type           Power      Damage    Failure   Level
a - Magic Dart            Conj           84%        1d7       3%          1
b - Mephitic Cloud        Conj/Pois/Air  15%        N/A       19%         3
c - Call Imp              Summ           12%        N/A       12%         2
d - Blink                 Tloc           N/A        N/A       12%         2
e - Conjure Flame         Conj/Fire      17%        6-21      14%         3

Your spell library contained the following spells:

 Spells                   Type           Power      Damage    Failure   Level
 Shock                    Conj/Air       68%        1d7       4%          1
 Static Discharge         Conj/Air       17%        N/A       8%          2
 Beastly Appendage        Tmut           14%        N/A       13%         1
 Slow                     Hex            7%         N/A       19%         2
 Wereblood                Tmut           7%         N/A       19%         2
 Swiftness                Air            12%        N/A       24%         3
 Spider Form              Tmut/Pois      4%         N/A       30%         3
 Airstrike                Air            6%         N/A       61%         4
 Ice Form                 Ice/Tmut       7%         N/A       77%         4
 Lightning Bolt           Conj/Air       8%         1d21      80%         5
 Hydra Form               Tmut           3%         N/A       98%         5


Dungeon Overview and Level Annotations

Branches:
Dungeon (4/15)
 Temple: D:4-7

Altars:


Message History

Casting: Magic Dart (safe; 3% risk of failure)
Confirm with . or Enter, or press ? or * to list all spells.
Aiming: Magic Dart (safe; 3% risk of failure)
Press: ? - help, Shift-Dir - straight line, f/p - orc
Aim: an orc, wielding a +0 flail (almost dead, 100% to hit)
The magic dart hits the orc.
You kill the orc!
You hear a splash.
Unknown command.
Unknown command.
Things that are here:
a +0 short sword; a +0 scale mail
Casting: Magic Dart (safe; 3% risk of failure)
Confirm with . or Enter, or press ? or * to list all spells.
The spell is quite dangerous to cast (14% risk of failure)!
Continue anyway?
The fire begins to smoulder!
The fire ignites!
Things that are here:
a +0 whip; an orc corpse
Casting: Conjure Flame (quite dangerous; 14% risk of failure)
Confirm with . or Enter, or press ? or * to list all spells.
Aiming: Magic Dart (safe; 3% risk of failure)
Press: ? - help, Shift-Dir - straight line, f - orc
Aim: an orc, wielding a +1 morningstar of holy wrath (100% to hit)
The magic dart hits the orc.
The orc is moderately wounded.
The acid dragon spits acid at you. The splash of acid hits you!
You are splashed with acid!
Things that are here:
a +0 whip; an orc corpse Unknown command.
You aren't carrying any items that you can evoke.
Unknown command.
Unknown command.
You see here a +0 hand axe.
The acid dragon spits acid at you. The splash of acid hits you!
* * * LOW HITPOINT WARNING * * *
You are splashed with acid!
You die...

#..#######.o#####.######
#.# #.........# #.
#..)..o...# #.
#######.D.# .. ##§##
#.).# #...# .# #)..# ..
#@..# .. .##.####..##
##. ##.## .........)#
#.#.# #...# ........).#
≈≈#.#≈ #....
#.......>#...#. .≈ #.).#
#..####..#.≈.#.#.###...#
.. #..#≈≈.#.#.#...#<#
#..#.≈.#.#.###...#
#.<#..≈#.#.. #....


You could see an acid dragon (catching breath).

Vanquished Creatures
  A water moccasin (D:3)
  2 orc priests
  A gnoll shaman (D:4)
  An orc wizard (D:4)
  A hound skeleton (D:4)
  2 gnolls (D:4)
  4 adders
  A worm (D:4)
  2 dart slugs
  13 orcs
  5 endoplasms
  6 giant cockroaches
  6 goblins
  8 hobgoblins
  5 jackals
  5 kobolds
  2 quokkas (D:1)
  6 ball pythons
  4 bats
  4 frilled lizards
  11 rats
90 creatures vanquished.

Vanquished Creatures (collateral kills)
  An orc wizard (D:3)
  2 orcs (D:4)
3 creatures vanquished.

Vanquished Creatures (others)
  16 fungi
  17 plants
33 creatures vanquished.

Grand Total: 126 creatures vanquished

Notes
Turn   | Place    | Note
-------+----------+-------------------------------------------
     0 | D:1      | pokeman the Deep Elf Hedge Wizard began the quest for the
                  | Orb.
     0 | D:1      | Reached XP level 1. HP: 10/10 MP: 7/7
   201 | D:1      | Reached XP level 2. HP: 15/15 MP: 3/9
   659 | D:1      | Found a faded altar of an unknown god.
   712 | D:1      | Reached skill level 5 in Spellcasting
   987 | D:1      | Reached XP level 3. HP: 6/20 MP: 0/11
   991 | D:1      | Learned a level 3 spell: Mephitic Cloud
   994 | D:1      | Learned a level 2 spell: Call Imp
   997 | D:1      | Learned a level 2 spell: Blink
  1001 | D:1      | Learned a level 3 spell: Conjure Flame
  2020 | D:2      | Reached skill level 1 in Fighting
  2364 | D:2      | Reached skill level 1 in Armour
  3062 | D:3      | Reached XP level 4. HP: 21/25 MP: 6/13
  3239 | D:3      | Reached skill level 1 in Fire Magic
  3512 | D:3      | Noticed a water moccasin
  3530 | D:3      | Killed a water moccasin
  3531 | D:3      | Reached skill level 6 in Spellcasting
  3531 | D:3      | Reached skill level 1 in Air Magic
  3531 | D:3      | Reached XP level 5. HP: 27/29 MP: 6/16
  3920 | D:4      | Reached XP level 6. HP: 34/34 MP: 1/17
  4134 | D:4      | Reached skill level 1 in Poison Magic
  4196 | D:4      | Reached skill level 1 in Evocations
  4265 | D:4      | Reached skill level 7 in Spellcasting
  4657 | D:4      | Noticed an acid dragon
  4675 | D:4      | Splashed by an acid dragon's acid

Illustrated notes

Levels and vault maps discovered:
D:1:      dpeg_arrival_prison, layout_rooms,
          shapermc_ecumenical_altar_mp_urbaneastern
D:2:      layout_loops_ring, serial_bayou, serial_bayou_crossing,
          serial_bayou_shore_b, serial_bayou_lake_a, serial_bayou_pond_d,
          minmay_heptomino_d4
D:3:      layout_rooms, grunt_ministairs_13
D:4:      lemuel_castle_with_subvaults [lemuel_castle_interior_original],
          layout_loops_cross, serial_shops,
          nicolae_shop_competitors_out_of_business, serial_aquarium,
          aquarium_bridge_straight [aquarium_subvault_bridge,
          aquarium_subvault_balcony, aquarium_subvault_bridge,
          aquarium_subvault_window], aquarium_window_corner, aquarium_window_1,
          aquarium_window_corridor_1, aquarium_window_fake, aquarium_view_2f,
          aquarium_pool_S, serial_bayou_pond_a, minmay_misc_feat_plants,
          hangedman_abyss_or_decor_passed

Skill      XL: |  1  2  3  4  5  6 |
---------------+-------------------+-----
Spellcasting   | 5 6 7 |  7.2
Fighting       | 1 |  1.2
Armour         | 1 |  1.0
Conjurations   | 2 3 |  3.3
Fire Magic     | 1 |  1.4
Dodging        | 3 |  3.0
Stealth        | 3 |  3.0
Air Magic      | 1 |  1.1
Poison Magic   | 1 |  1.0
Evocations     | 1 |  1.0
Summonings     | |  1.1
Translocations | |  1.1

Action                   |  1- 3 |  4- 6 || total
-------------------------+-------+-------++-------
Melee: Dagger            |    46 |    31 ||    77
 Cast: Magic Dart        |   130 |    99 ||   229
       Mephitic Cloud    |     4 |     6 ||    10
       Call Imp          |       |     4 ||     4
       Conjure Flame     |       |     2 ||     2
 Stab: Confused          |     1 |       ||     1
       Sleeping          |     1 |       ||     1
Armor: Robe              |     5 |     4 ||     9
       Leather armour    |       |    15 ||    15
Dodge: Dodged            |    25 |    31 ||    56

Table legend: (Time is in decaauts)
 A = Elapsed time spent in this place.
 B = Non-inter-level travel time spent in this place.
 C = Inter-level travel time spent in this place.
 D = Time resting spent in this place.
 E = Time spent auto-exploring this place.
 F = Levels seen in this place.
 G = Mean time per level.
                   A        B        C        D        E       F      G
               +--------+--------+--------+--------+--------+-----+--------+
         Total |   4727 |   4624 |    103 |    334 |   3466 |   4 | 1181.8 |
       Dungeon |   4727 |   4624 |    103 |    334 |   3466 |   4 | 1181.8 |
               +--------+--------+--------+--------+--------+-----+--------+

Top non-repeatable levels by time:
     D:1: 1682 daAuts
     D:2: 1331 daAuts
     D:3: 948 daAuts
     D:4: 764 daAuts
